 Dungeon Crawl Stone Soup version 0.19.5 (webtiles) character file.

13354 sveltemanboy the Basher (level 11, 0/67 HPs)
             Began as a Demonspawn Monk on Apr 4, 2017.
             Was the Champion of Makhleb.
             Slain by a manticore (3 damage)
             ... on level 11 of the Dungeon.
             The game lasted 00:27:52 (9165 turns).

sveltemanboy the Basher (Demonspawn Monk)           Turns: 9165, Time: 00:27:53

Health: 0/67       AC: 23    Str: 19    XL:     11   Next: 74%
Magic:  18/18      EV:  8    Int: 13    God:    Makhleb [******]
Gold:   314        SH:  0    Dex: 15    Spells: 0 memorised, 10 levels left

rFire  + . .     SeeInvis +     w - +1 whip (elec)
rCold  . . .     Gourm    .     G - +8 chain mail "Kavvub" {rCorr SInv}
rNeg   . . .     Faith    .     (no shield)
rPois  .         Spirit   .     x - +0 helmet
rElec  .         Reflect  .     (no cloak)
rCorr  +         Harm     .     A - +1 pair of gloves {Str+3}
MR     .....                    (no boots)
Stlth  ..........               y - amulet "Jupp" {+Rage Str+2}
                                (no ring)
                                t - ring of resist corrosion

@: studying Axes, heavily drained
A: claws 1, talons 1, molten scales 2, see invisible, clever 1, clumsy 1, fire
resistance 1, frail 1, low mp 1, powered by death 2, powered by pain 1, no
device heal 1
a: Minor Destruction, Lesser Servant of Makhleb, Major Destruction, Greater
Servant of Makhleb, Renounce Religion, Evoke Berserk Rage


You were on level 11 of the Dungeon.
You worshipped Makhleb.
Makhleb was exalted by your worship.
You were not hungry.

You visited 1 branch of the dungeon, and saw 11 of its levels.

You collected 551 gold pieces.
You spent 237 gold pieces at shops.

Inventory:

Hand Weapons
 a - a +0 great mace
 w - a +1 whip of electrocution (weapon)
 H - a +3 dire flail of crushing
Armour
 x - a +0 helmet (worn)
 A - a +1 pair of gloves of strength (worn)
 G - the +8 chain mail "Kavvub" (worn) {rCorr SInv}
   (You bought it in a shop on level 8 of the Dungeon)

   It lets you see invisible.
   It protects you from acid and corrosion.
Jewellery
 t - a ring of resist corrosion (left hand)
 y - the amulet "Jupp" (around neck) {+Rage Str+2}
   (You found it on level 11 of the Dungeon)

   [amulet of rage]

   It affects your strength (+2).
   It lets you go berserk.
Wands
 h - a wand of heal wounds (5/9)
Scrolls
 d - a scroll of enchant weapon
 l - 3 scrolls of teleportation
 p - 6 scrolls of remove curse
 q - 3 scrolls of recharging
 s - 2 scrolls of fear
 v - 3 scrolls of amnesia
 D - 2 scrolls of blinking
Potions
 b - 2 potions of heal wounds
 e - 2 potions of ambrosia
 i - 5 potions of curing
 j - a potion of might
 o - a potion of invisibility
 r - 4 potions of brilliance
 B - a potion of haste
 E - a potion of resistance
 F - a potion of agility
Books
 K - a manual of Axes
Comestibles
 c - 4 bread rations
 f - 3 meat rations
 g - 4 fruits
 k - 3 beef jerkies
 n - 2 royal jellies
 u - 9 chunks of flesh
 C - 2 slices of pizza


   Skills:
 - Level 3.0(1.5) Fighting
 * Level 13.5(11.5) Maces & Flails
   Level 4.0(2.5) Polearms
 - Level 4.0(2.5) Armour
 - Level 3.0(1.5) Dodging
 - Level 1.7(0.3) Stealth
 + Level 12.4(10.5) Invocations


You had 10 spell levels left.
You didn't know any spells.

Dungeon Overview and Level Annotations

Branches:
Dungeon (11/15)            Temple (0/1) D:4            Lair (0/6) D:11
    Orc: D:9-12

Altars:
Makhleb
Xom

Shops:
D:8 [   D:11 (!


Innate Abilities, Weirdness & Mutations

You are mostly covered in molten scales. (AC +3)
You regenerate health from kills.
You sometimes gain a little power by taking damage.
You have sharp fingernails.
You have sharp toenails.
You have supernaturally acute eyesight. (SInv)
Your mind is acute. (Int +2)
You are clumsy. (Dex -2)
Your flesh is heat resistant. (rF+)
You are frail. (-10% HP)
Your magical capacity is low. (-10% MP)
Potions and wands are less effective at restoring your health.


Message History

The manticore bites you.
* * * LOW HITPOINT WARNING * * *
The manticore claws you but does no damage. x2
You are too injured to fight recklessly!
You are too injured to fight recklessly!
You hit the manticore.
You claw the manticore, but do no damage.
The manticore is almost dead.
Your chain mail "Kavvub" prevents you from hitting the manticore.
You claw the manticore, but do no damage.
The manticore is almost dead.
The manticore barely misses you. The manticore closely misses you.
The manticore claws you but does no damage.
You barely miss the manticore.
The manticore is almost dead.
The manticore bites you!
* * * LOW HITPOINT WARNING * * *
The manticore claws you but does no damage.
The manticore claws you.
You die...

##.≈≈≈*≈≈≈≈*≈,,,,,,,,,*
*,.≈≈≈≈*≈≈≈≈.........#
*,,≈*≈≈≈≈,...........#
*,,≈≈≈,,,,*..........#
**,,,,,,*####.........#
..!,,,,.........l.....#
...,,,,.........$.....#
###,,,,,........H.>...#
# *,,,***#......@.....#
# #...* #............#
# #...# #....†.......#
# #...# #............#
# #...# #............#
###...# #............#
......####............#
.........)............#
......................#


You could see a manticore and an iguana.

Vanquished Creatures
  Snorg (D:11)
  An unseen horror (D:11)
  2 hill giants
  An ugly thing (D:11)
  A manticore (D:11)
  The ghost of Lucio the Nimble, a novice FeBe of Trog (D:9)
  2 komodo dragons (D:11)
  A merfolk (D:11)
  2 hornets
  Grinder (D:6)
  A hippogriff (D:11)
  Sigmund (D:3)
  11 yaks
  The ghost of pib the Chopper, an amateur HOFi (D:3)
  5 hungry ghosts
  A human (D:11)
  A steam dragon (D:11)
  Edmund (D:5)
  A water moccasin (D:10)
  3 orc warriors
  An ice beast (D:9)
  A black bear (D:8)
  3 necrophages
  An eye of draining (D:10)
  4 ogres
  A phantom (D:4)
  2 sky beasts
  11 centaurs
  A crocodile (D:11)
  A big kobold (D:6)
  A gnoll sergeant (D:8)
  6 bullfrogs
  A wyvern zombie (D:11)
  6 scorpions
  2 electric eels (D:9)
  3 howler monkeys
  2 crimson imps
  4 hounds
  3 jellies
  3 centaur skeletons
  11 orc wizards
  5 orc priests
  4 bullfrog skeletons
  Jessica (D:3)
  Terence (D:3)
  14 worker ants
  Natasha (thrice) (D:3)
  3 iguanas
  A hound zombie (D:11)
  A hound skeleton (D:8)
  A howler monkey zombie (D:10)
  Robin (D:3)
  10 adders
  8 gnolls
  3 shadow imps
  An ooze (D:2)
  2 adder skeletons
  2 worms (D:2)
  A dart slug (D:2)
  10 leopard geckos
  37 orcs
  A ball python (D:4)
  13 bats
  17 giant cockroaches
  15 hobgoblins
  9 jackals
  A quokka (D:8)
  5 frilled lizards
  14 goblins
  A jackal skeleton (D:4)
  A jackal zombie (D:7)
  14 kobolds
  A leopard gecko skeleton (D:7)
  A quokka skeleton (D:4)
  A quokka zombie (D:5)
  6 rats
316 creatures vanquished.

Vanquished Creatures (collateral kills)
  An orc warrior (D:6)
  A crimson imp (D:6)
2 creatures vanquished.

Vanquished Creatures (others)
  A leopard gecko (D:11)
  A fungus (D:4)
2 creatures vanquished.

Grand Total: 320 creatures vanquished

Notes
Turn   | Place    | Note
-------+----------+-------------------------------------------
     0 | D:1      | sveltemanboy the Demonspawn Monk began the quest for the Orb.
     0 | D:1      | Reached XP level 1. HP: 18/18 MP: 1/1
   157 | D:1      | Gained mutation: You regenerate a little health from kills. [demonic ancestry]
   157 | D:1      | Reached XP level 2. HP: 24/24 MP: 2/2
   161 | D:1      | Reached skill level 1 in Armour
   497 | D:1      | Reached XP level 3. HP: 29/29 MP: 3/3
  1228 | D:2      | Gained mutation: You regenerate health from kills. [demonic ancestry]
  1228 | D:2      | Reached XP level 4. HP: 27/35 MP: 4/4
  1520 | D:2      | Reached skill level 1 in Maces & Flails
  1600 | D:3      | Noticed Sigmund
  1622 | D:3      | Killed Sigmund
  1622 | D:3      | Reached skill level 3 in Maces & Flails
  1622 | D:3      | Reached XP level 5. HP: 21/41 MP: 5/5
  1805 | D:3      | Noticed pib's ghost (amateur HOFi)
  1834 | D:3      | Noticed Robin
  1835 | D:3      | Gained mutation: You are partially covered in molten scales. (AC +2) [demonic ancestry]
  1835 | D:3      | Reached XP level 6. HP: 46/47 MP: 6/6
  1860 | D:3      | Noticed Jessica
  1861 | D:3      | Killed Robin
  1863 | D:3      | Killed Jessica
  2041 | D:3      | Found a shimmering altar of Xom.
  2124 | D:3      | Killed pib's ghost
  2124 | D:3      | Reached skill level 4 in Maces & Flails
  2336 | D:3      | Noticed Natasha
  2340 | D:3      | Killed Natasha
  2399 | D:3      | Noticed Terence
  2413 | D:3      | Killed Terence
  2413 | D:3      | Reached XP level 7. HP: 52/52 MP: 7/7
  2474 | D:3      | Noticed Natasha
  2479 | D:3      | Killed Natasha
  2493 | D:3      | Noticed Natasha
  2502 | D:3      | Killed Natasha
  2673 | D:4      | Reached skill level 5 in Maces & Flails
  2695 | D:4      | Found a burning altar of Makhleb.
  2712 | D:4      | Became a worshipper of Makhleb the Destroyer
  2712 | D:4      | Reached * piety under Makhleb
  2712 | D:4      | Reached ** piety under Makhleb
  2747 | D:4      | Identified Sif Muna's Grimoire of Bewitching Self-Knowledge
  2801 | D:4      | Reached skill level 1 in Invocations
  3106 | D:4      | Found a staircase to the Ecumenical Temple.
  3180 | D:4      | Reached skill level 6 in Maces & Flails
  3180 | D:4      | Gained mutation: You are mostly covered in molten scales. (AC +3) [demonic ancestry]
  3180 | D:4      | Reached XP level 8. HP: 56/58 MP: 8/10
  3343 | D:4      | Reached *** piety under Makhleb
  3473 | D:5      | Entered Level 5 of the Dungeon
  3760 | D:5      | Noticed Edmund
  3768 | D:5      | Killed Edmund
  4154 | D:5      | Reached skill level 7 in Maces & Flails
  4222 | D:6      | Noticed Grinder
  4230 | D:6      | Killed Grinder
  4230 | D:6      | Reached skill level 5 in Invocations
  4401 | D:6      | Reached skill level 8 in Maces & Flails
  4433 | D:6      | Gained mutation: You sometimes gain a little power by taking damage. [demonic ancestry]
  4433 | D:6      | Reached XP level 9. HP: 63/63 MP: 13/13
  4802 | D:6      | Reached **** piety under Makhleb
  5034 | D:6      | Reached skill level 9 in Maces & Flails
  5647 | D:7      | Gained mutation: You are clumsy. (Dex -2) [mutagenic meat]
  5648 | D:7      | Gained mutation: You occasionally shout uncontrollably at your foes. [mutagenic meat]
  5649 | D:7      | Gained mutation: Your mind is acute. (Int +2) [mutagenic meat]
  5649 | D:7      | Gained mutation: You have sharp toenails. [potion of mutation]
  5649 | D:7      | Gained mutation: Your magical capacity is low. (-10% MP) [potion of mutation]
  5649 | D:7      | Gained mutation: You are frail. (-10% HP) [potion of mutation]
  5650 | D:7      | Lost mutation: You occasionally shout uncontrollably at your foes. [potion of mutation]
  5650 | D:7      | Gained mutation: Potions and wands are less effective at restoring your health. [potion of mutation]
  5744 | D:7      | Reached skill level 10 in Maces & Flails
  6008 | D:8      | Got a faintly glowing mace
  6125 | D:8      | Got a heavily runed large shield
  6131 | D:8      | Identified the +1 large shield of Reqiyroe {MR+ MP-9 SInv} (You found it on level 8 of the Dungeon)
  6488 | D:8      | Found Kahul's Antique Armour Emporium.
  6500 | D:8      | Bought a crude chain mail for 237 gold pieces
  6511 | D:8      | Identified the +8 chain mail "Kavvub" {rCorr SInv} (You bought it in a shop on level 8 of the Dungeon)
  6573 | D:8      | Gained mutation: Your flesh is heat resistant. (rF+) [mutagenic meat]
  6574 | D:8      | Gained mutation: You have sharp fingernails. [mutagenic meat]
  6576 | D:8      | Gained mutation: You have supernaturally acute eyesight. (SInv) [mutagenic meat]
  6662 | D:8      | Reached ***** piety under Makhleb
  6662 | D:8      | Reached XP level 10. HP: 63/63 MP: 14/14
  7280 | D:9      | Identified a scroll of acquirement
  7286 | D:9      | Noticed Lucio's ghost (novice FeBe)
  7342 | D:9      | Killed Lucio's ghost
  7572 | D:9      | Noticed a hill giant
  7583 | D:9      | Reached skill level 11 in Maces & Flails
  7584 | D:9      | Killed a hill giant
  7595 | D:10     | Entered Level 10 of the Dungeon
  7641 | D:10     | Reached skill level 10 in Invocations
  8068 | D:10     | Reached skill level 12 in Maces & Flails
  8261 | D:11     | Reached XP level 11. HP: 67/67 MP: 17/17
  8416 | D:11     | Found a labyrinth entrance.
  8504 | D:11     | Found Jixamos's Distillery.
  8575 | D:11     | Found Uzotis's Weapon Boutique.
  8578 | D:11     | Noticed an unseen horror
  8593 | D:11     | Killed an unseen horror
  8769 | D:11     | Found a staircase to the Lair.
  8904 | D:11     | Noticed a hill giant
  8911 | D:11     | Killed a hill giant
  8911 | D:11     | Reached skill level 13 in Maces & Flails
  8935 | D:11     | Identified the Volume of the Captivating Compass
  8938 | D:11     | Noticed Snorg
  8948 | D:11     | Killed Snorg
  9000 | D:11     | Noticed a green ugly thing
  9011 | D:11     | Killed a green ugly thing
  9039 | D:11     | Reached ****** piety under Makhleb
  9059 | D:11     | Got a flickering silver amulet
  9101 | D:11     | Identified the amulet "Jupp" {+Rage Str+2} (You found it on level 11 of the Dungeon)
  9165 | D:11     | HP: 3/67 [manticore (17)]
  9165 | D:11     | Slain by a manticore

Skill      XL: |  1  2  3  4  5  6  7  8  9 10 11 |
---------------+----------------------------------+-----
Polearms       | 3 4 |  4.0
Armour         | 1 2 3 4 |  4.0
Maces & Flails | 3 4 6 8 10 12 13 | 13.5
Dodging        | 3 |  3.0
Invocations    | 2 5 8 10 12 | 12.4
Fighting       | |  3.0
Stealth        | |  1.7

Action                   |  1- 3 |  4- 6 |  7- 9 | 10-12 || total
-------------------------+-------+-------+-------+-------++-------
Melee: Spear             |   200 |    19 |       |       ||   219
       Whip              |       |   130 |   546 |   487 ||  1163
       Kick              |       |       |    28 |   134 ||   162
Invok: Minor Destruction |       |       |     1 |    28 ||    29
       Lesser Servant of |       |       |     1 |       ||     1
  Use: Scroll            |       |    10 |     9 |     4 ||    23
       Potion            |       |       |     6 |     5 ||    11
 Stab: Sleeping          |     5 |       |       |       ||     5
  Eat: Chunk             |     1 |     4 |    19 |    12 ||    36
       Fruit             |       |       |     6 |       ||     6
       Royal jelly       |       |       |     1 |       ||     1
Armor: Robe              |    11 |       |       |       ||    11
       Scale mail        |    21 |    61 |   192 |       ||   274
       Leather armour    |     1 |       |       |       ||     1
       Chain mail        |       |       |     9 |   229 ||   238
Dodge: Dodged            |    82 |    89 |   195 |   135 ||   501
